Celery, chaotic female sylph Rogue ---- --- |..--- ---.-- -- ---....-- --....| --.-- |.......| ---- ---- |....-- |...| - |.|.--..| ---..| |..| |....| |.. . |.|.||..| ---|....---..----...-| ---.- ---.- --.|.|---- --.--..........|(.....| |...| |..* |....| |...................^-- --|.|.| ---.- --.|.| ----....................------.|.|I| |...| --|.|----.|.................--...||......|.| |.--- |.|......................--|-.----.....|.---|.| |.|-.....................---.-||...|...|...||.| |.|---....--.).......<....|...--.----.----.--.| |.| ---------.......)....(......| --- |....--- |.-------------....`.........-.--- |-..^..-- |...........................)..| |.......| |...-----------.......---------- -.......| --....................| |......--- |....-------........-- |...---- ------ --.--.|.-- --..| -------- ---- Celery the Rogue Experience level: 7 Strength: 15 Dexterity: 18 Constitution: 14 Intelligence: 9 Wisdom: 9 Charisma: 14 Health: 0(60) Energy: 35(35) Def: 3 Gold: 0 Moves: 5447 Dungeon seed: U46C42r3jutHBnry Game ID: Celery_1470425433 Your Inventory: Weapons g - an uncursed +0 elven dagger (weapon in hand) l - 13 uncursed +0 daggers (in quiver) Armor z - an uncursed +0 dwarvish cloak M - a blessed +0 cloak of protection (being worn) Comestibles O - an uncursed tripe ration Rings u - an uncursed ring of levitation D - an uncursed ring of polymorph control (on left hand) W - an uncursed ring of invisibility (on right hand) Wands h - an uncursed wand of opening (0:3) j - an uncursed wand of probing (0:6) k - an uncursed wand of nothing (0:5) B - an uncursed wand of locking (0:6) Q - an uncursed wand of sleep (0:5) Tools d - an uncursed lock pick s - an uncursed bag of holding w - an uncursed tin whistle I - a blessed magic lamp (lit) S - an uncursed towel U - an uncursed tinning kit (0:95) Gems e - an uncursed worthless piece of green glass n - an uncursed garnet stone q - 3 uncursed worthless pieces of yellow glass r - an uncursed worthless piece of orange glass t - an uncursed worthless piece of yellowish brown glass v - an uncursed agate stone y - an uncursed worthless piece of white glass N - 2 uncursed worthless pieces of red glass Y - an uncursed worthless piece of violet glass Contents of the bag of holding: 325 gold pieces a blessed +0 dagger an uncursed +0 dwarvish cloak an uncursed +0 dwarvish cloak an uncursed +0 dwarvish cloak a cursed -1 dwarvish cloak a cursed -2 dwarvish cloak an uncursed +0 mummy wrapping an uncursed +0 pair of kicking boots a cursed scroll of create monster 2 uncursed scrolls of light an uncursed scroll of scare monster a cursed potion of booze an uncursed potion of gain energy an uncursed potion of healing an uncursed potion of object detection a cursed potion of object detection an uncursed potion of sickness an uncursed blindfold an uncursed +0 pick-axe an uncursed sack Spells and supernatural/magical abilities: Name Level Category Fail Memory W - pray for help -- divine ? -- Your skills at the end: Miscellaneous Skills wands [Basic] Weapon Skills dagger [Expert] short sword [Basic] Spellcasting Skills healing spells [Basic] Final Attributes: You were piously aligned. You were poison resistant. You saw invisible. You had infravision. You were invisible to others. You were displaced. You were stealthy. You were protected. You were protected from shape changers. You had polymorph control. You were unlucky. Kos was angry with you. You are dead. Vanquished creatures: a chameleon a wolf a leprechaun a quivering blob a mountain nymph an orc mummy a dwarf lord 2 water nymphs a gnome mummy a fire ant 2 wood nymphs a rock piercer a yellow light a shrieker 7 gnome lords 3 gnomish wizards 2 kobold mummies 2 gray oozes 2 elf zombies a floating eye 10 dwarves a kobold shaman an iguana 8 monkeys an orc zombie a gas spore 5 hobbits 2 acid blobs 2 large kobolds 4 geckos a hobgoblin 7 giant rats 2 cave spiders a brown mold a green mold a red mold 39 gnomes 2 gnome zombies 5 jackals a fox a kobold 6 newts a sewer rat a grid bug 10 lichens 147 creatures vanquished. Voluntary challenges: You were vegetarian. You had followed a strict vegan diet until turn 5037. You had been an atheist until turn 3598. You used a wielded weapon 181 times, starting on turn 284. You did not apply a unicorn horn. You read items or engraved 12 times, starting on turn 568. You never genocided any monsters. You never polymorphed an object. You never changed form. You used no wishes. You never split a pudding. You never wrote Elbereth's name. You never violated your personal moral code. Dungeon overview: The Dungeons of Doom: levels 1 to 3 Level 1 a long staircase Level 2 a general store, a sink Level 3 a fountain stairs to The Gnomish Mines The Gnomish Mines: levels 4 to 8 Level 4 stairs to The Dungeons of Doom Level 5 Level 6 some shops, a temple to Issek, a magic chest, some fountains, a sink Level 7 Level 8 <- You were here History has recorded: On T:1 you entered the Dungeons of Doom to retrieve the Amulet of Yendor! On T:298 you reached level 2 of The Dungeons of Doom. On T:1266 you advanced to experience level 2. On T:1290 you advanced to experience level 3. On T:1597 you reached level 3 of The Dungeons of Doom. On T:1604 you advanced to experience level 4. On T:2296 you reached level 1 of The Gnomish Mines. On T:2463 you advanced to experience level 5. On T:2822 you reached level 2 of The Gnomish Mines. On T:2857 you advanced to experience level 6. On T:3509 you reached level 3 of The Gnomish Mines. On T:3547 you entered the Minetown temple On T:3675 you opened a magic chest. On T:3714 you opened a magic chest. On T:4103 you opened a magic chest. On T:4117 you opened a magic chest. On T:4118 you opened a magic chest. On T:4455 you opened a magic chest. On T:4531 you advanced to experience level 7. On T:4655 you reached level 4 of The Gnomish Mines. On T:5122 you reached level 5 of The Gnomish Mines. Score breakdown: Gold: 325 ( 32 points) Experience: 7 levels ( 600 points) Exploration: 8 levels ( 210 points) Discoveries: 25 items ( 1250 points) Variety of kills: 45 monsters ( 2000 points) Major goal: reached Minetown ( 500 points) Survival: died (score multiplied by 3) Total score: 13776 Latest messages: V - a potion of invisibility. You try to draw healing from your surroundings, but you are too weak. For some reason, you feel your presence is known. You have a peculiar feeling for a moment, then it passes. You try to draw healing from your surroundings, but you are too weak. T - an uncursed clear potion. You try to draw healing from your surroundings, but you are too weak. You faint from lack of food. You try to draw healing from your surroundings, but you are too weak. (2x) You come to. This tastes like water. You try to draw healing from your surroundings, but you are too weak. You faint from lack of food. You try to draw healing from your surroundings, but you are too weak. (3x) You come to. You faint from lack of food. You try to draw healing from your surroundings, but you are too weak. (2x) Something slashes you! (2x) You die... Final status: Goodbye Celery the Rogue, killed by a Woodland-elf, while fainted from lack of food... You died in The Gnomish Mines on dungeon level 8 with 13776 points, and 325 pieces of gold, after 5447 moves. You were level 7 with a maximum of 60 hit points when you died.